 Dungeon Crawl Stone Soup version 0.19.5 (webtiles) character file.

66 tidbits the Grave Robber (level 3, 0/21 HPs)
             Began as a High Elf Necromancer on Dec 12, 2017.
             Succumbed to an adder's poison
             ... on level 3 of the Dungeon.
             The game lasted 00:08:56 (1471 turns).

tidbits the Grave Robber (High Elf Necromancer)     Turns: 1471, Time: 00:08:57

Health: 0/21       AC:  2    Str:  8    XL:     3   Next: 96%
Magic:  1/9        EV: 13    Int: 18    God:
Gold:   119        SH:  0    Dex: 16    Spells: 4 memorised, 1 level left

rFire  . . .     SeeInvis .     a - +4 whip (elec)
rCold  . . .     Gourm    .     d - +0 robe
rNeg   . . .     Faith    .     (no shield)
rPois  .         Spirit   .     (no helmet)
rElec  .         Reflect  .     (no cloak)
rCorr  .         Harm     .     (no gloves)
MR     .....                    (no boots)
Stlth  ++........               (no amulet)
                                (no ring)
                                (no ring)

@: lethally poisoned (0 -> -9), very slightly contaminated
A: no striking features
a: no special abilities


You were on level 3 of the Dungeon.
You were not hungry.

You visited 1 branch of the dungeon, and saw 3 of its levels.

You collected 119 gold pieces.

Inventory:

Hand Weapons
 a - a +4 whip of electrocution (weapon)
   (You took it off an orc on level 3 of the Dungeon)
 o - a +0 short sword
   (You took it off an orc on level 2 of the Dungeon)
 r - a +0 whip
   (You found it on level 1 of the Dungeon)
Missiles
 e - 17 bolts
 k - 18 sling bullets
 q - 26 stones (quivered)
Armour
 d - a +0 robe (worn)
 p - a +0 shield
   (You took it off a kobold on level 1 of the Dungeon)
Wands
 h - a wand of flame (18/48)
   (You found it on level 2 of the Dungeon)
Scrolls
 f - a scroll of enchant armour {unknown}
 g - a scroll of recharging {unknown}
 j - a scroll of remove curse {unknown}
 m - a scroll of random uselessness {unknown}
Potions
 n - a potion of flight
Books
 b - a book of Necromancy

   Spells                             Type                      Level
   a - Pain                           Necromancy                   1
   b - Animate Skeleton               Necromancy                   1
   c - Vampiric Draining              Necromancy                   3
   d - Regeneration                   Charms/Necromancy            3
   e - Animate Dead                   Necromancy                   4
   f - Control Undead                 Necromancy                   4
 i - a book of Maledictions
   (You found it on level 2 of the Dungeon)

   Spells                             Type                      Level
   a - Corona                         Hexes                        1
   b - Ensorcelled Hibernation        Hexes/Ice                    2
   c - Confuse                        Hexes                        3
   d - Tukima's Dance                 Hexes                        3
   e - Dazzling Spray                 Conjuration/Hexes            3
Comestibles
 c - 2 bread rations


   Skills:
 - Level 2.1 Dodging
 - Level 2.2 Stealth
 - Level 3.6 Spellcasting
 + Level 4.0 Necromancy


You had one spell level left.
You knew the following spells:

 Your Spells              Type           Power        Failure   Level  Hunger
a - Pain                  Necr           ###.         2%          1    None
n - Animate Skeleton      Necr           N/A          2%          1    None
r - Regeneration          Chrm/Necr      ##........   24%         3    ###....
v - Vampiric Draining     Necr           ###.......   10%         3    ###....


Dungeon Overview and Level Annotations

Branches:
Dungeon (3/15)

Altars:
Okawaru
Vehumet
Zin


Message History

You hit the orc.
There is a sudden explosion of sparks!
You kill the orc!
You see here a mace.
Found a scroll labeled SOPPEARAKE.
g - a scroll labeled FIMOEBUTEF An adder comes into view.
The adder hisses angrily.
Found 5 gold pieces.
Found 15 gold pieces.
You see here 10 gold pieces.
Casting: Pain
Confirm with . or Enter, or press ? or * to list all spells.
Aiming: Pain
Press: ? - help, Shift-Dir - straight line, f - adder
Aim: an adder (chance to defeat MR: 82%)
The adder barely resists.
Casting: Pain
Confirm with . or Enter, or press ? or * to list all spells.
Aiming: Pain
Press: ? - help, Shift-Dir - straight line, f/p - adder
Aim: an adder (chance to defeat MR: 82%)
The adder barely resists.
The adder closely misses you.
Casting: Pain
Confirm with . or Enter, or press ? or * to list all spells.
Aiming: Vampiric Draining
Press: ? - help, Shift-Dir - straight line, f/p - adder
Aim: an adder The adder is moderately wounded.
You feel life coursing into your body. The adder bites you. x2
You are poisoned.
The adder poisons you!
Casting: Vampiric Draining
Confirm with . or Enter, or press ? or * to list all spells.
Aiming: Pain
Press: ? - help, Shift-Dir - straight line, f/p - adder
Aim: an adder (moderately wounded, chance to defeat MR: 82%)
The adder writhes in agony!
You feel sick. The adder closely misses you.
Casting: Pain
Confirm with . or Enter, or press ? or * to list all spells.
Aiming: Pain
Press: ? - help, Shift-Dir - straight line, f/p - adder
Aim: an adder (heavily wounded, chance to defeat MR: 82%)
You miscast Pain.
You are very lightly contaminated with residual magic.
Nothing appears to happen.
The adder bites you.
Okay, then.
You hit the adder.
The adder is almost dead.
You feel sick. The adder closely misses you. The adder bites you.
* * * LOW HITPOINT WARNING * * *
You feel better. The adder bites you.
* * * LOW HITPOINT WARNING * * *
You are poisoned.
The adder poisons you!
You barely miss the adder.
The adder is almost dead.
You feel sick. The adder misses you.
You miss the adder.
The adder is almost dead.
The adder barely misses you. The adder misses you.
You miss the adder.
The adder is almost dead.
You feel sick. The adder barely misses you.
You closely miss the adder.
The adder is almost dead.
The adder bites you but does no damage. The adder bites you.
* * * LOW HITPOINT WARNING * * *
You are lethally poisoned!
The adder poisons you!
You hit the adder.
The adder is almost dead.
* * * LOW HITPOINT WARNING * * *
You feel sick. The adder closely misses you.
You miss the adder.
The adder is almost dead.
* * * LOW HITPOINT WARNING * * *
You feel sick. The adder bites you but does no damage. The adder bites you.
* * * LOW HITPOINT WARNING * * *
Casting: Pain
Confirm with . or Enter, or press ? or * to list all spells.
Aiming: Pain
Press: ? - help, Shift-Dir - straight line, f/p - adder
Aim: an adder (almost dead, chance to defeat MR: 82%)
The adder writhes in agony!
You kill the adder!
Your Necromancy skill increases to level 4!
Okay, then.
Unknown command.
Unknown command.
Unknown command.
Unknown command.
Unknown command.
Unknown command.
Unknown command.
Unknown command.
Unknown command.
Unknown command.
Unknown command.
You swing at nothing.
You die...

#..........#
#.........$#
#......?...#
#..........#
#..........#
#$.........#####
#...........#
#.?.@.......#
#...........#
###...........#
#.............#
#.#...........#
#(..###########
### ###.# #.#
#)#
######.#####.#


There were no monsters in sight!

Vanquished Creatures
  An adder (D:3)
  An ooze (D:1)
  A worm (D:2)
  2 dart slugs (D:1)
  3 leopard geckos
  6 orcs
  3 giant cockroaches
  2 goblins
  5 hobgoblins (D:1)
  A quokka (D:3)
  A ball python (D:1)
  2 bats (D:1)
  3 frilled lizards (D:2)
  2 kobolds
  4 rats (D:1)
37 creatures vanquished.

Notes
Turn   | Place    | Note
-------+----------+-------------------------------------------
     0 | D:1      | tidbits the High Elf Necromancer began the quest for the Orb.
     0 | D:1      | Reached XP level 1. HP: 11/11 MP: 4/4
   213 | D:1      | Reached XP level 2. HP: 12/17 MP: 4/6
   225 | D:1      | Reached skill level 3 in Spellcasting
   610 | D:2      | Found a glowing silver altar of Zin.
   649 | D:2      | Found an iron altar of Okawaru.
   718 | D:2      | Reached XP level 3. HP: 10/21 MP: 0/8
   723 | D:2      | Learned a level 3 spell: Regeneration
   727 | D:2      | Learned a level 3 spell: Vampiric Draining
   729 | D:2      | Learned a level 1 spell: Animate Skeleton
   779 | D:2      | Found a radiant altar of Vehumet.
  1469 | D:3      | HP: 2/21 [adder (4)]
  1470 | D:3      | Reached skill level 4 in Necromancy
  1471 | D:3      | Succumbed to an adder's poison

Skill      XL: |  1  2  3 |
---------------+----------+-----
Spellcasting   | 3 |  3.6
Necromancy     | 4 |  4.0
Dodging        | |  2.1
Stealth        | |  2.2

Action                   || total
-------------------------++-------
Melee: Whip              ||    13
 Cast: Pain              ||    82
       Regeneration      ||     4
       Vampiric Draining ||     1
  Use: Scroll            ||     2
       Potion            ||     1
  Eat: Fruit             ||     2
       Chunk             ||     2
Armor: Robe              ||     5
Dodge: Dodged            ||    22

Table legend:
 A = Turns spent in this place as a percentage of turns spent in the entire game.
 B = Non-inter-level travel turns spent in this place as a percentage of non-inter-level travel turns spent in the entire game.
 C = Inter-level travel turns spent in this place as a percentage of turns spent in this place.
 D = Turns resting spent in this place as a percentage of non-inter-level travel turns spent in this place.
 E = Turns spent auto-exploring this place as a percentage of non-inter-level travel turns spent in this place.
 F = Non-inter-level travel turns spent in this place divided by the number of levels of this place that you've seen.
                   A       B       C       D       E      F
               +-------+-------+-------+-------+-------+----------------------
         Total | 100.0 | 100.0 |   0.4 |   0.0 |   0.1 | 417.3
       Dungeon | 100.0 | 100.0 |   0.4 |   0.0 |   0.1 | 417.3
               +-------+-------+-------+-------+-------+----------------------

Table legend:
 A = Kills in this place as a percentage of kills in entire the game.
 B = Kills by you in this place as a percentage of kills by you in the entire game.
 C = Kills by friends in this place as a percentage of kills by friends in the entire game.
 D = Other kills in this place as a percentage of other kills in the entire game.
 E = Experience gained in this place as a percentage of experience gained in the entire game.
 F = Experience gained in this place divided by the number of levels of this place that you have seen.
                   A       B       C       D       E      F
               +-------+-------+-------+-------+-------+----------------------
         Total | 100.0 | 100.0 |  -nan |  -nan | 100.0 |  31.7
       Dungeon | 100.0 | 100.0 |  -nan |  -nan | 100.0 |  31.7
               +-------+-------+-------+-------+-------+----------------------

Vault maps used:
D:1:      dpeg_arrival_round_a
D:2:      fiery_altar_vehumet, old_standard_altar, tgw_trog, okawaru_trees_1
D:3:      nicolae_dithmenos_through_a_glass_darkly, st_stairs_14
